[Event "UZB-ch Men Final 2019"]
[Site "Tashkent"]
[Date "2019.07.09"]
[Round "8.3"]
[White "Karimov, Ibragim"]
[Black "Abdusattorov, Nodirbek"]
[Result "0-1"]
[ECO "A47"]
[WhiteElo "2211"]
[BlackElo "2598"]
[Annotator "ChessBase"]
[PlyCount "122"]
[EventDate "2019.07.02"]
[EventType "tourn"]
[EventCountry "UZB"]
[SourceTitle "playchess.com"]
[Source "ChessBase"]
[SourceQuality "1"]
[TimeControl "5400+30"]

1. d4 Nf6 2. Nf3 b6 3. g3 Bb7 4. Bg2 g6 5. O-O Bg7 6. c4 O-O 7. Nc3 Ne4 8. Nd5 e6 9. Nf4 f5 10. h4 Qf6 11. Qb3 c5 12. dxc5 Nxc5 13. Qd1 Nc6 14. Rb1 Rfd8 15. Ng5 Qd4 16. Be3 Qxd1 17. Rfxd1 h6 18. Ngh3 Kf7 19. Bxc5 bxc5 20. Nd3 Na5 21. b3 Bxg2 22. Kxg2 d6 23. e3 Rab8 24. Nhf4 Nc6 25. h5 g5 26. Ne2 a5 27. Rdc1 Ne7 28. Nc3 Bxc3 29. Rxc3 Ng8 30. Nb2 Nf6 31. Rh1 g4 32. Na4 Ne4 33. Rd3 Ke7 34. Nc3 Nf6 35. Na4 Rbc8 36. Nc3 Rc7 37. Re1 Ne4 38. f3 gxf3+ 39. Kxf3 Nxc3 40. Rxc3 Rg8 41. e4 Rg5 42. exf5 Rxf5+ 43. Kg4 Rc8 44. Rce3 Rg8+ 45. Kh4 e5 46. a3 Rgg5 47. b4 Rxh5+ 48. Kg4 axb4 49. axb4 cxb4 50. Rb1 Ke6 51. Re2 Rhg5+ 52. Kh3 Rf3 53. Rxb4 Rfxg3+ 54. Kh2 R3g4 55. Kh3 Rd4 56. Rb8 Rxc4 57. Rd2 Rd4 58. Ra2 Kd5 59. Rb5+ Ke4 60. Rbb2 Rd3+ 61. Kh2 d5 0-1

[Event "UZB-ch Men Final 2019"]
[Site "Tashkent"]
[Date "2019.07.09"]
[Round "8.4"]
[White "Iuldachev, Saidali"]
[Black "Vokhidov, Shamsiddin"]
[Result "0-1"]
[ECO "B43"]
[WhiteElo "2451"]
[BlackElo "2515"]
[Annotator "ChessBase"]
[PlyCount "114"]
[EventDate "2019.07.02"]
[EventType "tourn"]
[EventCountry "UZB"]
[SourceTitle "playchess.com"]
[Source "ChessBase"]
[SourceQuality "1"]
[TimeControl "5400+30"]

1. e4 c5 2. Nc3 e6 3. Nf3 a6 4. d4 cxd4 5. Nxd4 Qc7 6. g3 Bb4 7. Bd2 Nf6 8. Bg2 Nc6 9. Nxc6 bxc6 10. O-O Be7 11. Na4 Bb7 12. c4 c5 13. Qe2 d6 14. Bc3 Qc6 15. b3 h5 16. Rfe1 h4 17. Rad1 hxg3 18. fxg3 e5 19. Ba5 Bc8 20. Nc3 Be6 21. Nd5 Bxd5 22. exd5 Qd7 23. Rf1 Qg4 24. Bf3 Qg6 25. Rde1 Bd8 26. Bc3 Ra7 27. Qg2 Ng4 28. h4 f5 29. Bd1 O-O 30. Bd2 Raf7 31. Qh3 Qh5 32. Re2 g5 33. Rg2 Kh8 34. Rxf5 Rxf5 35. Bxg4 Rf1+ 36. Kh2 Qh7 37. hxg5 Qxh3+ 38. Bxh3 Kg7 39. b4 Bb6 40. Be3 Re1 41. bxc5 Bxc5 42. Bxc5 dxc5 43. Rb2 e4 44. Bg4 Kg6 45. Kg2 Kxg5 46. Be2 e3 47. Bf3 Rc1 48. Re2 Rc3 49. d6 Rd8 50. Bd5 Rxd6 51. Kf3 Rf6+ 52. Ke4 Rf2 53. Rxe3 Rxe3+ 54. Kxe3 Rxa2 55. Bc6 a5 56. Kd3 a4 57. Kc3 Kg4 {[%emt 0:00:14] Kd4} 0-1

[Event "UZB-ch Men Final 2019"]
[Site "Tashkent"]
[Date "2019.07.09"]
[Round "8.5"]
[White "Sindarov, Javokhir"]
[Black "Yakubboev, Nodirbek"]
[Result "1/2-1/2"]
[ECO "B30"]
[WhiteElo "2479"]
[BlackElo "2575"]
[Annotator "ChessBase"]
[PlyCount "27"]
[EventDate "2019.07.02"]
[EventType "tourn"]
[EventCountry "UZB"]
[SourceTitle "playchess.com"]
[Source "ChessBase"]
[SourceQuality "1"]
[TimeControl "5400+30"]

1. e4 c5 2. Nf3 Nc6 3. Nc3 e5 4. Bc4 Be7 5. d3 d6 6. Nd2 Nf6 7. Nf1 Nd7 8. Ne3 O-O 9. O-O Bg5 10. Ncd5 Nb6 11. Nxb6 axb6 12. c3 Kh8 13. Nd5 Bxc1 14. Qxc1 1/2-1/2

[Event "UZB-ch Men Final 2019"]
[Site "Tashkent"]
[Date "2019.07.09"]
[Round "8.6"]
[White "Khoroshev, Nikita"]
[Black "Nigmatov, Ortik"]
[Result "0-1"]
[ECO "A05"]
[WhiteElo "2414"]
[BlackElo "2488"]
[Annotator "ChessBase"]
[PlyCount "100"]
[EventDate "2019.07.02"]
[EventType "tourn"]
[EventCountry "UZB"]
[SourceTitle "playchess.com"]
[Source "ChessBase"]
[SourceQuality "1"]
[TimeControl "5400+30"]

1. Nf3 Nf6 2. b3 g6 3. Bb2 Bg7 4. c4 O-O 5. g3 d6 6. d4 Nbd7 7. Bg2 c6 8. O-O Re8 9. Nc3 e5 10. dxe5 dxe5 11. Ng5 Qe7 12. Qd2 Nf8 13. Rad1 Bh6 14. f4 Bf5 15. Qd6 exf4 16. Qxe7 Rxe7 17. gxf4 Bg7 18. e4 Bg4 19. Rde1 h6 20. e5 hxg5 21. exf6 Rxe1 22. Rxe1 Bxf6 23. fxg5 Bd4+ 24. Kh1 Ne6 25. h4 Rd8 26. Kh2 Bf5 27. Ba1 Bf2 28. Re2 Bxh4 29. Ne4 Bxe4 30. Bxe4 Bxg5 31. b4 Bf4+ 32. Kg2 Bh6 33. Bf6 Re8 34. Kf1 Bg7 35. Bh4 Nd4 36. Re1 f5 37. Bg2 Rxe1+ 38. Bxe1 Kf7 39. b5 cxb5 40. cxb5 b6 41. a4 Be5 42. Bd5+ Kf6 43. Bf2 g5 44. Bb7 g4 45. Bh4+ Kg6 46. Bc8 Kh5 47. Bd8 f4 48. Bd7 f3 49. a5 g3 50. Bh3 bxa5 0-1

[Event "UZB-ch Men Final 2019"]
[Site "Tashkent"]
[Date "2019.07.10"]
[Round "9"]
[White "Abdusattorov, Nodirbek"]
[Black "Iuldachev, Saidali"]
[Result "1-0"]
[ECO "D25"]
[WhiteElo "2598"]
[BlackElo "2451"]
[Annotator "ChessBase"]
[PlyCount "95"]
[EventDate "2019.??.??"]
[EventCountry "UZB"]
[SourceTitle "playchess.com"]
[Source "ChessBase"]
[SourceQuality "1"]
[TimeControl "5400+30"]

1. d4 d5 2. Nf3 Nf6 3. c4 dxc4 4. e3 Bg4 5. Bxc4 e6 6. Qb3 Bxf3 7. gxf3 Nbd7 8. Nc3 Rb8 9. a4 Be7 10. Rg1 g6 11. e4 c6 12. Bf4 Rc8 13. O-O-O Qb6 14. Qa2 Bb4 15. Be3 Qa5 16. Rd3 O-O 17. Kb1 a6 18. Rg5 Qc7 19. a5 Qxh2 20. Qb3 Bxc3 21. Rxc3 Rb8 22. Rc1 b5 23. Bxe6 fxe6 24. Qxe6+ Rf7 25. Qxc6 Nf8 26. Qxa6 Qh3 27. Rg3 Qd7 28. d5 Nh5 29. Rg5 Rxf3 30. Qc6 Nf6 31. a6 Rxe3 32. fxe3 Nxe4 33. Rg2 Rd8 34. Qxd7 Rxd7 35. Rc6 h5 36. Rc8 g5 37. Re8 Nf6 38. Rxg5+ Kf7 39. Ra8 N8h7 40. Rf5 Kg6 41. Re5 h4 42. a7 Kh6 43. Re6 h3 44. Rxf6+ Nxf6 45. Rh8+ Nh7 46. a8=Q h2 47. d6 Rg7 48. Ka2 1-0

[Event "UZB-ch Men Final 2019"]
[Site "Tashkent"]
[Date "2019.07.10"]
[Round "9"]
[White "Yakubboev, Nodirbek"]
[Black "Khoroshev, Nikita"]
[Result "1-0"]
[ECO "E17"]
[WhiteElo "2575"]
[BlackElo "2414"]
[Annotator "ChessBase"]
[PlyCount "133"]
[EventDate "2019.??.??"]
[EventCountry "UZB"]
[SourceTitle "playchess.com"]
[Source "ChessBase"]
[SourceQuality "1"]
[TimeControl "5400+30"]

1. d4 Nf6 2. c4 e6 3. Nf3 b6 4. g3 Bb7 5. Bg2 Bb4+ 6. Bd2 Be7 7. O-O O-O 8. Bf4 Na6 9. Re1 d5 10. Ne5 c5 11. Nc3 Re8 12. Rc1 Ne4 13. cxd5 exd5 14. Bxe4 dxe4 15. Qb3 Rf8 16. d5 Bf6 17. Red1 Bxe5 18. Bxe5 e3 19. Rf1 Rc8 20. Qc4 Qd7 21. f3 Nb4 22. Rfd1 Rcd8 23. d6 Rfe8 24. Bf4 h6 25. g4 Re6 26. a3 Ba6 27. Qb3 Nc6 28. Qa4 Na5 29. Qxd7 Rxd7 30. b4 Nb3 31. Rc2 g5 32. Bg3 Nd4 33. Rb2 Kg7 34. bxc5 bxc5 35. Re1 f5 36. gxf5 Nxf5 37. Ne4 Nxg3 38. hxg3 Re5 39. Rc1 c4 40. g4 Kg6 41. Rd1 Bb5 42. Rd4 Bc6 43. Nc3 Re6 44. Rxc4 Rdxd6 45. Kg2 Re8 46. Kg3 Re5 47. Rb8 Rf6 48. Rg8+ Kf7 49. Rc8 Ree6 50. Rc7+ Kg6 51. Rxa7 h5 52. gxh5+ Kxh5 53. Ra6 Kg6 54. Rc5 Kh6 55. a4 Rg6 56. a5 Rgf6 57. Rb6 Rg6 58. a6 Ba8 59. Rxe6 Rxe6 60. Ra5 Rc6 61. Nd5 Rc2 62. Nb6 Bc6 63. a7 Rxe2 64. Rc5 Ba8 65. Rc8 Re1 66. Rxa8 Rg1+ 67. Kh2 1-0

[Event "UZB-ch Men Final 2019"]
[Site "Tashkent"]
[Date "2019.07.10"]
[Round "9"]
[White "Vokhidov, Shamsiddin"]
[Black "Sindarov, Javokhir"]
[Result "0-1"]
[ECO "C92"]
[WhiteElo "2515"]
[BlackElo "2479"]
[Annotator "ChessBase"]
[PlyCount "64"]
[EventDate "2019.??.??"]
[EventCountry "UZB"]
[SourceTitle "playchess.com"]
[Source "ChessBase"]
[SourceQuality "1"]
[TimeControl "5400+30"]

1. e4 e5 2. Nf3 Nc6 3. Bb5 a6 4. Ba4 Nf6 5. O-O Be7 6. Re1 b5 7. Bb3 d6 8. c3 O-O 9. h3 Bb7 10. d4 Re8 11. a4 Bf8 12. Bg5 Na5 13. axb5 Nxb3 14. Qxb3 axb5 15. Bxf6 gxf6 16. Rxa8 Qxa8 17. dxe5 Bxe4 18. Nbd2 Bd5 19. Qxb5 fxe5 20. Nh4 Kh8 21. Qd3 Be7 22. Nf5 Bxg2 23. Nxe7 Rxe7 24. Qf5 Re6 25. f3 Rg6 26. Kh2 Qf8 27. Re4 Qh6 28. Nc4 Qc1 29. Rg4 Qh1+ 30. Kg3 Bxh3 31. Nxe5 Qg2+ 32. Kf4 Qh2+ {Nc4 Qh1 Kg3 Kg7 Qc8} 0-1

[Event "UZB-ch Men Final 2019"]
[Site "Tashkent"]
[Date "2019.07.10"]
[Round "9"]
[White "Dzhumaev, Marat"]
[Black "Saydaliev, Saidakbar"]
[Result "1/2-1/2"]
[ECO "E05"]
[WhiteElo "2439"]
[BlackElo "2384"]
[Annotator "NA"]
[PlyCount "173"]
[EventDate "2019.??.??"]
[EventCountry "UZB"]
[SourceTitle "playchess.com"]
[Source "ChessBase"]
[SourceQuality "1"]
[TimeControl "5400+30"]

1. d4 Nf6 2. c4 e6 3. g3 d5 4. Nf3 Be7 5. Bg2 O-O 6. O-O dxc4 7. Qc2 b6 8. Rd1 Bb7 9. Qxc4 c5 10. Nc3 cxd4 11. Bf4 Qc8 12. Qxd4 Rd8 13. Qa4 Rxd1+ 14. Rxd1 Nbd7 15. Bd6 Bxd6 16. Rxd6 Nc5 17. Qa3 Nce4 18. Nxe4 Bxe4 19. Ne5 Qc1+ 20. Bf1 Qc7 21. f3 Bd5 22. e4 Bxe4 23. fxe4 Nxe4 24. Nc4 Nxd6 25. Nxd6 Rd8 26. Ne4 Qe5 27. Nf2 g6 28. Bd3 h5 29. Kg2 a5 30. Qb3 Qd4 31. a4 Kg7 32. Bb5 Rd5 33. Qc3 e5 34. Kf3 Qxc3+ 35. bxc3 f5 36. h4 Kf6 37. Ke3 g5 38. hxg5+ Kxg5 39. Nd3 Kg4 40. Bc4 Rd6 41. Kf2 e4 42. Nf4 Rd2+ 43. Be2+ Kg5 44. Ke3 Ra2 45. Bb5 Kg4 46. Be8 Kxg3 47. Nxh5+ Kg4 48. Nf6+ Kg3 49. Nh5+ Kg4 50. Nf6+ Kg3 51. Nh5+ Kh4 52. Ng7 Kg4 53. Bd7 Ra3 54. Nxf5 Rxc3+ 55. Kxe4 Kg5 56. Ne3 Rc1 57. Nd5 Re1+ 58. Kd4 Rd1+ 59. Ke5 Re1+ 60. Kd6 Rd1 61. Bb5 Kf5 62. Kc6 Ke5 63. Nxb6 Rc1+ 64. Kb7 Kd6 65. Ka6 Kc7 66. Nd5+ Kb8 67. Kb6 Rh1 68. Kxa5 Ka7 69. Be2 Rc1 70. Kb4 Rb1+ 71. Kc5 Rc1+ 72. Bc4 Rg1 73. Ne7 Rg5+ 74. Kb4 Kb6 75. Nd5+ Ka7 76. Nc3 Kb6 77. Nb5 Rg1 78. a5+ Ka6 79. Nd4+ Ka7 80. Nc6+ Kb7 81. Nd4 Ka7 82. Bd3 Rd1 83. Kc3 Ra1 84. Nb3 Rg1 85. Kb4 Rg4+ 86. Bc4 Rg5 87. Nd4 1/2-1/2

[Event "UZB-ch Men Final 2019"]
[Site "Tashkent"]
[Date "2019.07.10"]
[Round "9"]
[White "Abdisalimov, Abdimalik"]
[Black "Rakhimov, Rakhmatjon"]
[Result "1/2-1/2"]
[ECO "D35"]
[WhiteElo "2391"]
[BlackElo "2107"]
[Annotator "NA"]
[PlyCount "87"]
[EventDate "2019.??.??"]
[EventCountry "UZB"]
[SourceTitle "playchess.com"]
[Source "ChessBase"]
[SourceQuality "1"]
[TimeControl "5400+30"]

1. d4 Nf6 2. c4 e6 3. Nc3 d5 4. cxd5 exd5 5. Bg5 Be7 6. e3 O-O 7. Bd3 c6 8. Nge2 Re8 9. Qc2 Ne4 10. Bf4 f5 11. f3 Nxc3 12. Nxc3 Bg5 13. O-O-O g6 14. Kb1 Bxf4 15. exf4 Qd6 16. Rhe1 Rf8 17. g3 Be6 18. Qe2 Re8 19. Qe5 Qd8 20. Qe2 Nd7 21. h4 Nf6 22. Qf2 Qd6 23. Bc2 Re7 24. Na4 Rae8 25. Nc5 Bc8 26. Re5 b6 27. Nd3 Nd7 28. Rxe7 Rxe7 29. h5 gxh5 30. Rh1 Nf6 31. Ne5 Rg7 32. Bd3 c5 33. dxc5 bxc5 34. Rd1 Qb6 35. b3 Be6 36. Qc2 c4 37. Bxf5 cxb3 38. Bxe6+ Qxe6 39. axb3 Rxg3 40. Nc6 Qe3 41. Nd4 Rg1 42. Qc8+ Kf7 43. Qc7+ Kg6 44. Qc2+ 1/2-1/2

[Event "UZB-ch Men Final 2019"]
[Site "Tashkent"]
[Date "2019.07.10"]
[Round "9"]
[White "Sabirov, Asilbek"]
[Black "Karimov, Ibragim"]
[Result "0-1"]
[ECO "A48"]
[WhiteElo "2147"]
[BlackElo "2211"]
[Annotator "NA"]
[PlyCount "142"]
[EventDate "2019.??.??"]
[EventCountry "UZB"]
[SourceTitle "playchess.com"]
[Source "ChessBase"]
[SourceQuality "1"]
[TimeControl "5400+30"]

1. d4 Nf6 2. Nf3 g6 3. Bf4 Bg7 4. e3 d6 5. h3 O-O 6. Be2 Nbd7 7. O-O b6 8. a4 a5 9. Bh2 Bb7 10. c3 Qe8 11. Na3 e5 12. Nb5 Rc8 13. Na7 e4 14. Nd2 Ra8 15. Nb5 Qd8 16. Qc2 Re8 17. Rfb1 Nd5 18. b4 Bc6 19. Bc4 N7f6 20. bxa5 bxa5 21. Nb3 Qd7 22. Bf1 g5 23. c4 Ne7 24. Qd2 g4 25. Nxa5 Bxb5 26. axb5 gxh3 27. gxh3 Nf5 28. Nb3 Nh4 29. Qe2 Nf3+ 30. Kh1 Rac8 31. Nd2 Qf5 32. b6 cxb6 33. Rxb6 d5 34. c5 Nd7 35. Rba6 Nxc5 36. dxc5 Bxa1 37. Rxa1 Nxh2 38. Rc1 Nxf1 39. Qxf1 Re6 40. Nb3 Rh6 41. Kh2 Qe5+ 42. Kh1 Rhc6 43. Qd1 Kh8 44. Qd4 f6 45. Rg1 Qxd4 46. exd4 Rb8 47. Rg3 Rb4 48. Rc3 Rc8 49. Kh2 Rcb8 50. Na5 Rxd4 51. c6 Ra4 52. Rc5 d4 53. Nc4 Ra7 54. Nd6 Rc7 55. Nxe4 Rd8 56. Kg3 d3 57. Nd2 Rd6 58. Kf4 Rcxc6 59. Rxc6 Rxc6 60. Ke3 Rd6 61. Ne4 Rd8 62. Kd2 Kg7 63. Nc5 Kg6 64. Nxd3 Kf5 65. Ke3 Ra8 66. f3 Ra3 67. Ke2 Rxd3 68. Kxd3 Kf4 69. Ke2 Kg3 70. Ke3 f5 71. h4 h5 0-1

[Event "UZB-ch Men Final 2019"]
[Site "Tashkent"]
[Date "2019.07.11"]
[Round "10.1"]
[White "Saydaliev, Saidakbar"]
[Black "Abdisalimov, Abdimalik"]
[Result "0-1"]
[ECO "B54"]
[WhiteElo "2384"]
[BlackElo "2391"]
[Annotator "NA"]
[PlyCount "58"]
[EventDate "2019.07.02"]
[EventType "tourn"]
[EventCountry "UZB"]
[SourceTitle "playchess.com"]
[Source "ChessBase"]
[SourceQuality "1"]
[TimeControl "5400+30"]

1. e4 c5 2. Nf3 d6 3. d4 cxd4 4. Nxd4 Nf6 5. f3 e5 6. Nb3 Be6 7. c4 Nbd7 8. Nc3 Rc8 9. Be3 Bxc4 10. Bxc4 Rxc4 11. Qd3 Rc6 12. Bxa7 b6 13. a4 Qa8 14. Nb5 d5 15. O-O Nc5 16. Nxc5 Bxc5+ 17. Kh1 dxe4 18. fxe4 O-O 19. a5 bxa5 20. Rxa5 Bxa7 21. Rxa7 Qb8 22. Ra5 Rb6 23. Na3 Rxb2 24. Nc4 Qc7 25. Nxb2 Qxa5 26. h3 Rd8 27. Qc4 Qa8 28. Qc7 Re8 29. Nc4 Rc8 0-1

[Event "UZB-ch Men Final 2019"]
[Site "Tashkent"]
[Date "2019.07.11"]
[Round "10.2"]
[White "Karimov, Ibragim"]
[Black "Dzhumaev, Marat"]
[Result "1/2-1/2"]
[ECO "C47"]
[WhiteElo "2211"]
[BlackElo "2439"]
[Annotator "NA"]
[PlyCount "86"]
[EventDate "2019.07.02"]
[EventType "tourn"]
[EventCountry "UZB"]
[SourceTitle "playchess.com"]
[Source "ChessBase"]
[SourceQuality "1"]
[TimeControl "5400+30"]

1. e4 e5 2. Nf3 Nc6 3. Nc3 Nf6 4. d4 exd4 5. Nxd4 Bb4 6. Nxc6 bxc6 7. Bd3 O-O 8. O-O d5 9. exd5 cxd5 10. h3 c6 11. Qf3 Rb8 12. Bf4 Bd6 13. b3 Qc7 14. Bxd6 Qxd6 15. Na4 Be6 16. Rfe1 h6 17. Qe3 Qc7 18. Nc5 Rbe8 19. Qd4 Bc8 20. b4 Nh5 21. Re3 Rxe3 22. Qxe3 Nf4 23. Re1 a5 24. a3 axb4 25. axb4 Qb8 26. c3 Be6 27. Bc2 Re8 28. Qe5 Qxe5 29. Rxe5 Kf8 30. h4 Bc8 31. Rxe8+ Kxe8 32. Kf1 Ke7 33. g3 Nh5 34. Ke2 Nf6 35. f3 Nh5 36. Kf2 Kd6 37. Bd3 g5 38. hxg5 hxg5 39. Nb3 Bd7 40. Nd4 Ng7 41. f4 gxf4 42. gxf4 Nh5 43. Ke3 Nf6 {[%emt 0:01:24] Ke4 Ke5+} 1/2-1/2

[Event "UZB-ch Men Final 2019"]
[Site "Tashkent"]
[Date "2019.07.11"]
[Round "10.3"]
[White "Iuldachev, Saidali"]
[Black "Sabirov, Asilbek"]
[Result "1-0"]
[ECO "C42"]
[WhiteElo "2451"]
[BlackElo "2147"]
[Annotator "ChessBase"]
[PlyCount "61"]
[EventDate "2019.07.02"]
[EventType "tourn"]
[EventCountry "UZB"]
[SourceTitle "playchess.com"]
[Source "ChessBase"]
[SourceQuality "1"]
[TimeControl "5400+30"]

1. e4 e5 2. Nf3 Nf6 3. Nxe5 d6 4. Nf3 Nxe4 5. Qe2 Qe7 6. d3 Nf6 7. Bg5 Qxe2+ 8. Bxe2 Be7 9. Nc3 c6 10. O-O-O Na6 11. Rhe1 Nc7 12. Ne4 Nxe4 13. dxe4 Bxg5+ 14. Nxg5 Ke7 15. f4 g6 16. b3 f6 17. Nf3 Bg4 18. Nd4 Bxe2 19. Rxe2 Ne6 20. Nf5+ gxf5 21. exf5 d5 22. c4 Rhd8 23. Rxe6+ Kf7 24. cxd5 cxd5 25. Rd3 Rac8+ 26. Kd2 Rc6 27. Rh3 Rxe6 28. fxe6+ Kxe6 29. Rxh7 Rb8 30. g4 a5 31. Rh6 1-0

[Event "UZB-ch Men Final 2019"]
[Site "Tashkent"]
[Date "2019.07.11"]
[Round "10.5"]
[White "Khoroshev, Nikita"]
[Black "Vokhidov, Shamsiddin"]
[Result "0-1"]
[ECO "D31"]
[WhiteElo "2414"]
[BlackElo "2515"]
[Annotator "ChessBase"]
[PlyCount "100"]
[EventDate "2019.07.02"]
[EventType "tourn"]
[EventCountry "UZB"]
[SourceTitle "playchess.com"]
[Source "ChessBase"]
[SourceQuality "1"]
[TimeControl "5400+30"]

1. Nf3 d5 2. d4 c6 3. c4 dxc4 4. e3 b5 5. a4 e6 6. Nc3 Bb4 7. Bd2 a5 8. axb5 Bxc3 9. Bxc3 cxb5 10. b3 Bb7 11. bxc4 b4 12. Bb2 Nf6 13. c5 O-O 14. Bb5 Bc6 15. Ba4 Bxa4 16. Qxa4 Qd5 17. O-O Nc6 18. Rfc1 Ne4 19. Ne1 f5 20. Nd3 g5 21. Rc2 Nf6 22. f3 Qd7 23. Re1 Ra7 24. Nf2 Rc8 25. Rcc1 Ne7 26. Ra1 Qxa4 27. Rxa4 Rd8 28. e4 Kf7 29. g4 fxe4 30. fxe4 Nc6 31. Rd1 Rad7 32. Rf1 Kg6 33. e5 Nd5 34. Ne4 Nf4 35. Nd6 Rf8 36. Kh1 Rdd8 37. Nb7 Nd3 38. Rxf8 Rxf8 39. Ba1 Rb8 40. Nd6 b3 41. d5 exd5 42. e6 Nxc5 43. h4 b2 44. Bxb2 Rxb2 45. e7 Nxe7 46. Rxa5 Ne4 47. Nxe4 dxe4 48. Rxg5+ Kf6 49. Rh5 e3 50. g5+ Ke5 0-1

[Event "UZB-ch Men Final 2019"]
[Site "Tashkent"]
[Date "2019.07.12"]
[Round "11.1"]
[White "Vokhidov, Shamsiddin"]
[Black "Nigmatov, Ortik"]
[Result "0-1"]
[ECO "E73"]
[WhiteElo "2515"]
[BlackElo "2488"]
[Annotator "ChessBase"]
[PlyCount "100"]
[EventDate "2019.07.02"]
[EventType "tourn"]
[EventCountry "UZB"]
[SourceTitle "playchess.com"]
[Source "ChessBase"]
[SourceQuality "1"]
[TimeControl "5400+30"]

1. d4 Nf6 2. c4 g6 3. Nc3 Bg7 4. e4 d6 5. Be2 O-O 6. Bg5 c5 7. d5 h6 8. Bf4 e6 9. dxe6 Bxe6 10. Bxd6 Re8 11. e5 Nfd7 12. f4 g5 13. Qb3 Nc6 14. Qxb7 Nd4 15. O-O-O Qa5 16. Bc7 Nb6 17. Bd3 Qb4 18. Bd6 Rad8 19. Qe4 Rxd6 20. exd6 Bd7 21. Qh7+ Kf8 22. Nf3 Nxc4 23. Bxc4 Bf5 24. Nxd4 Bxh7 25. Nc6 Qxc4 26. d7 Bxc3 27. dxe8=Q+ Kg7 28. Rd2 Bxd2+ 29. Kxd2 Qc2+ 30. Ke3 Qd3+ 31. Kf2 Qd2+ 32. Qe2 Qxf4+ 33. Qf3 Qd2+ 34. Kg3 Qd6+ 35. Kh3 h5 36. Ne5 Qxe5 37. g4 hxg4+ 38. Kxg4 Be4 39. Qf1 Bxh1 40. Qxh1 Qf4+ 41. Kh3 Qh4+ 42. Kg2 Qe4+ 43. Kg1 Qb1+ 44. Kg2 Qxb2+ 45. Kg3 Qe5+ 46. Kf2 Qd4+ 47. Ke2 Qb2+ 48. Kd3 Qxa2 49. Qc6 Qb3+ 50. Ke4 Qe6+ 0-1

[Event "UZB-ch Men Final 2019"]
[Site "Tashkent"]
[Date "2019.07.12"]
[Round "11.2"]
[White "Abdusattorov, Nodirbek"]
[Black "Khoroshev, Nikita"]
[Result "1-0"]
[ECO "C41"]
[WhiteElo "2598"]
[BlackElo "2414"]
[Annotator "ChessBase"]
[PlyCount "65"]
[EventDate "2019.07.02"]
[EventType "tourn"]
[EventCountry "UZB"]
[SourceTitle "playchess.com"]
[Source "ChessBase"]
[SourceQuality "1"]
[TimeControl "5400+30"]

1. e4 d6 2. d4 Nf6 3. Nc3 e5 4. Nf3 Nbd7 5. Bc4 Be7 6. O-O O-O 7. Re1 c6 8. a4 a5 9. h3 Nb6 10. Bd3 Nfd7 11. Ne2 exd4 12. Nexd4 Nc5 13. b3 Bf6 14. Rb1 Re8 15. Ba3 Nbd7 16. Nf5 Ne5 17. Nxe5 Bxe5 18. Qf3 Qf6 19. Re2 h5 20. Bxc5 dxc5 21. Bc4 Bxf5 22. exf5 h4 23. Rbe1 Re7 24. Qh5 Rae8 25. Kf1 Bd4 26. c3 Bxc3 27. Re6 fxe6 28. Rxe6 Rxe6 29. Qxe8+ Kh7 30. fxe6 Qf5 31. Kg1 Qb1+ 32. Bf1 Qg6 33. Bd3 1-0

[Event "UZB-ch Men Final 2019"]
[Site "Tashkent"]
[Date "2019.07.12"]
[Round "11.3"]
[White "Sabirov, Asilbek"]
[Black "Sindarov, Javokhir"]
[Result "1/2-1/2"]
[ECO "A40"]
[WhiteElo "2147"]
[BlackElo "2479"]
[Annotator "ChessBase"]
[PlyCount "98"]
[EventDate "2019.07.02"]
[EventType "tourn"]
[EventCountry "UZB"]
[SourceTitle "playchess.com"]
[Source "ChessBase"]
[SourceQuality "1"]
[TimeControl "5400+30"]

1. d4 e6 2. Nf3 c5 3. e3 Nc6 4. Be2 Nf6 5. O-O Be7 6. b3 b6 7. Bb2 Bb7 8. c4 cxd4 9. Nxd4 Nxd4 10. Bxd4 Qb8 11. Bf3 Bxf3 12. Qxf3 O-O 13. Nd2 d5 14. Rad1 Rd8 15. Bxf6 Bxf6 16. cxd5 exd5 17. e4 d4 18. Qf5 d3 19. Nc4 Bd4 20. Qf3 b5 21. Ne3 Bxe3 22. Qxe3 Qd6 23. Rd2 Rac8 24. Rfd1 Rc3 25. Qxa7 b4 26. Qe3 h6 27. h3 Qc7 28. g3 Rc1 29. Rxc1 Qxc1+ 30. Kg2 Qc3 31. h4 Rd4 32. Kh2 Kh8 33. Kg2 Rd8 34. h5 Kg8 35. Kh2 Qf6 36. Kg2 Qd6 37. Kh2 Qd7 38. Kg2 Qb5 39. Qf3 Rd4 40. Qe3 Qd7 41. Kg1 Rd6 42. Kg2 Qb5 43. Qf3 Rd4 44. Qe3 Qd7 45. Kg1 Kh8 46. Kg2 Kh7 47. Qf3 Kg8 48. Qe3 Qd6 49. Qf3 Qd8 1/2-1/2

[Event "UZB-ch Men Final 2019"]
[Site "Tashkent"]
[Date "2019.07.12"]
[Round "11.5"]
[White "Abdisalimov, Abdimalik"]
[Black "Karimov, Ibragim"]
[Result "1-0"]
[ECO "A41"]
[WhiteElo "2391"]
[BlackElo "2211"]
[Annotator "NA"]
[PlyCount "79"]
[EventDate "2019.07.02"]
[EventType "tourn"]
[EventCountry "UZB"]
[SourceTitle "playchess.com"]
[Source "ChessBase"]
[SourceQuality "1"]
[TimeControl "5400+30"]

1. d4 d6 2. e4 Nf6 3. f3 e5 4. d5 c6 5. c4 cxd5 6. cxd5 Be7 7. Be3 O-O 8. Qd2 Nh5 9. Nc3 h6 10. Nge2 a6 11. Ng3 Nf6 12. Na4 Nbd7 13. Nf5 b5 14. Nc3 Ne8 15. h4 Nc5 16. Nxe7+ Qxe7 17. g4 Nf6 18. Ne2 Nh7 19. Rc1 Bd7 20. Ng3 f6 21. Be2 Rfc8 22. Kf2 Kh8 23. Rc2 Na4 24. Rhc1 Rxc2 25. Rxc2 f5 26. exf5 Qxh4 27. Kg2 h5 28. Nxh5 Bxf5 29. Bf2 Qe7 30. gxf5 e4 31. Ng3 exf3+ 32. Bxf3 Ng5 33. Qf4 Nxf3 34. Qxf3 Rf8 35. Qe4 Qg5 36. b3 Nc5 37. Bxc5 dxc5 38. Rxc5 Rf6 39. Qe8+ Kh7 40. Qh5+ 1-0

[Event "UZB-ch Men Final 2019"]
[Site "Tashkent"]
[Date "2019.07.12"]
[Round "11.6"]
[White "Rakhimov, Rakhmatjon"]
[Black "Saydaliev, Saidakbar"]
[Result "1-0"]
[ECO "E00"]
[WhiteElo "2107"]
[BlackElo "2384"]
[Annotator "NA"]
[PlyCount "26"]
[EventDate "2019.07.02"]
[EventType "tourn"]
[EventCountry "UZB"]
[SourceTitle "playchess.com"]
[Source "ChessBase"]
[SourceQuality "1"]
[TimeControl "5400+30"]

1. d4 Nf6 2. c4 e6 3. Bf4 c5 4. d5 exd5 5. cxd5 d6 6. Nc3 g6 7. h3 Bg7 8. e4 O-O 9. Bd3 b5 10. Nxb5 Nxe4 11. Ne2 a6 12. Nbc3 Nxc3 13. bxc3 Qc7 1-0

[Event "UZB-ch Men Final 2019"]
[Site "Tashkent"]
[Date "2019.07.13"]
[Round "12.1"]
[White "Karimov, Ibragim"]
[Black "Rakhimov, Rakhmatjon"]
[Result "0-1"]
[ECO "B56"]
[WhiteElo "2211"]
[BlackElo "2107"]
[Annotator "ChessBase"]
[PlyCount "64"]
[EventDate "2019.07.02"]
[EventType "tourn"]
[EventCountry "UZB"]
[SourceTitle "playchess.com"]
[Source "ChessBase"]
[SourceQuality "1"]
[TimeControl "5400+30"]

1. e4 c5 2. Nf3 d6 3. d4 Nf6 4. Nc3 cxd4 5. Nxd4 e5 6. Nb3 Be6 7. Be2 Nc6 8. O-O Be7 9. f4 exf4 10. Bxf4 O-O 11. Qe1 d5 12. exd5 Nxd5 13. Nxd5 Bxd5 14. Rd1 Qb6+ 15. Kh1 Be4 16. Bd3 Bxd3 17. Rxd3 Bf6 18. Qg3 Bxb2 19. c3 Qb5 20. Bd6 Rfe8 21. Rdf3 Re3 22. Qf4 Rxf3 23. Rxf3 Qd5 24. h3 Re8 25. Kh2 Re2 26. Bb4 g5 27. Qg4 Nxb4 28. Nd4 Qe5+ 29. Rg3 Rf2 30. Nf3 Rxf3 31. Qxf3 Nd5 32. c4 Nf6 0-1

[Event "UZB-ch Men Final 2019"]
[Site "Tashkent"]
[Date "2019.07.13"]
[Round "12.6"]
[White "Yakubboev, Nodirbek"]
[Black "Vokhidov, Shamsiddin"]
[Result "*"]
[ECO "D45"]
[WhiteElo "2575"]
[BlackElo "2515"]
[Annotator "RC"]
[PlyCount "97"]
[EventDate "2019.07.02"]
[EventType "tourn"]
[EventCountry "UZB"]
[SourceTitle "playchess.com"]
[Source "ChessBase"]
[SourceQuality "1"]
[TimeControl "5400+30"]

1. d4 Nf6 2. c4 e6 3. Nf3 d5 4. Nc3 c6 5. e3 Nbd7 6. Qc2 Bd6 7. Bd2 O-O 8. h3 Re8 9. O-O-O e5 10. cxd5 cxd5 11. Nb5 Bb8 12. dxe5 Nxe5 13. Bc3 Bd7 14. Kb1 a6 15. Bxe5 Bxe5 16. Nxe5 Rxe5 17. Nc3 b5 18. Bd3 b4 19. Ne2 Rc8 20. Qd2 Qb6 21. Rc1 Ree8 22. Rxc8 Rxc8 23. f3 Re8 24. Nd4 a5 25. g4 Bc8 26. Rc1 Bb7 27. Bb5 Rc8 28. Qh2 h6 29. h4 Rxc1+ 30. Kxc1 Ba6 31. Ba4 Bc4 32. g5 hxg5 33. hxg5 Nh7 34. Qe5 Qc5 35. Kd2 Nf8 36. Qe8 Qd6 37. f4 Qg6 38. Bc2 Qh5 39. b3 Qh2+ 40. Kc1 Qg1+ 41. Kb2 Qe1 42. bxc4 Qc3+ 43. Kc1 Qe1+ 44. Bd1 dxc4 45. Nc2 Qc3 46. Qd8 b3 47. Qd4 Qxd4 48. Nxd4 a4 49. Be2 *